 Dungeon Crawl Stone Soup version 0.30-a0-168-g0b976cbdc4 (webtiles) character file.

Game seed: 14538456300323225161

17994 IdlyInterested the Carver (level 12, -7/95 HPs)
             Began as a Demonspawn Gladiator on Sept 29, 2022.
             Was an Initiate of Dithmenos.
             Mangled by Harold
             ... wielding a +0 vorpal glaive
              (11 damage)
             ... on level 2 of the Lair of Beasts.
             The game lasted 00:58:41 (16427 turns).

IdlyInterested the Carver (Demonspawn Gladiator)   Turns: 16427, Time: 00:58:41

Health: -7/95      AC: 18    Str: 15    XL:     12   Next: 23%
Magic:  0/44       EV:  4    Int: 21    God:    Dithmenos [......]
Gold:   389        SH:  0    Dex: 21    Spells: 29/29 levels left

rFire   x . .      SeeInvis .    r - +5 falchion
rCold   + + .      Faith    .    o - +2 kite shield
rNeg    . . .      Spirit   +    T - +0 ice dragon scales
rPois   .          Reflect  .    z - +3 hat of Pondering {ponderous, Will+ MP+10 Int+5}
rElec   .          Harm     .    h - +0 cloak
rCorr   .          Rampage  .    (no gloves)
Will    +....                    U - +0 pair of boots
Stlth   ++........               K - amulet of the acrobat
HPRegen 0.25/turn                g - +4 ring of protection
MPRegen 0.58/turn                E - ring of magical power

@: on berserk cooldown, flying (expiring), held, slowed, very slow
A: foul stench 1, magic shield, magic regeneration, big brain 3, weakness
stinger 1, thin skeletal structure 1
a: Renounce Religion


You were on level 2 of the Lair of Beasts.
You worshipped Dithmenos.
Dithmenos was noncommittal.
You visited 3 branches of the dungeon, and saw 14 of its levels.
You also visited: Ossuary.

You collected 923 gold pieces.
You spent 534 gold pieces at shops.

Inventory:

Hand Weapons
 e - the +9 whip of Dishonesty {vorpal, +Blink rF+ Str-5 Stlth+}
   (You found it on level 6 of the Dungeon)

   It inflicts extra damage upon your enemies.
   Str:       It affects your strength (-5).
   rF:        It protects you from fire.
   +Blink:    It lets you blink.
   Stlth:     It makes you more stealthy.
 r - a +5 falchion (weapon)
 V - a +0 long sword
Missiles
 c - 48 poisoned darts (quivered)
 d - 2 throwing nets
 n - 4 javelins
 F - 4 curare-tipped darts
 O - 5 atropa-tipped darts
 R - 6 datura-tipped darts
 Y - 3 boomerangs
Armour
 a - a +0 troll leather armour
 h - a +0 cloak (worn)
 o - a +2 kite shield (worn)
 z - the +3 hat of Pondering (worn) {ponderous, Will+ MP+10 Int+5}
   (You took it off Gastronok on level 1 of the Lair of Beasts)

   Int:       It affects your intelligence (+5).
   MP:        It affects your magic capacity (+10).
   Will:      It increases your willpower.
 L - a +0 buckler
 Q - +0 steam dragon scales
 T - +0 ice dragon scales (worn)
 U - a +0 pair of boots (worn)
 Z - a +0 robe of positive energy
Jewellery
 b - a ring of resist corrosion
 g - a +4 ring of protection (left hand)
 i - a ring of see invisible
 q - a +6 ring of intelligence
 C - a +6 ring of strength
 E - a ring of magical power (right hand)
 K - an amulet of the acrobat (around neck)
Wands
 f - a wand of iceblast (11)
 s - a wand of quicksilver (5)
 M - a wand of flame (18)
Scrolls
 p - 4 scrolls of magic mapping
 t - 2 scrolls of fear
 u - 4 scrolls of enchant armour
 v - 8 scrolls of teleportation
 y - 2 scrolls of amnesia
 G - a scroll of blinking
 H - a scroll of fog
 X - 3 scrolls of identify
Potions
 j - 2 potions of cancellation
 k - 4 potions of mutation
 l - 3 potions of flight
 m - 3 potions of might
 w - 7 potions of curing
 x - a potion of heal wounds
 A - 3 potions of attraction
 B - 2 potions of magic
 J - 2 potions of brilliance
 P - a potion of invisibility
 S - a potion of haste


   Skills:
 - Level 9.0 Fighting
 + Level 11.6 Long Blades
 - Level 3.0 Throwing
 - Level 3.0 Dodging
 - Level 3.0 Stealth
 * Level 7.0 Shields
 - Level 9.0 Spellcasting
 - Level 3.0 Invocations
 - Level 3.0 Evocations


You had 29 spell levels left.
You didn't know any spells.
Your spell library contained the following spells:

 Spells                   Type           Power      Damage    Failure   Level
 Apportation              Tloc           18%        N/A       38%         1
 Beastly Appendage        Tmut           18%        N/A       38%         1
 Foxfire                  Conj/Fire      36%        2x1d5     38%         1
 Magic Dart               Conj           36%        1d4       38%         1
 Necrotise                Necr           36%        1d5       38%         1
 Slow                     Hex            36%        N/A       38%         1
 Sting                    Tmut/Pois      36%        1d4       38%         1
 Summon Small Mammal      Summ           36%        N/A       38%         1
 Call Imp                 Summ           9%         N/A       52%         2
 Poisonous Vapours        Pois/Air       18%        N/A       52%         2
 Searing Ray              Conj           18%        2d5       52%         2
 Call Canine Familiar     Summ           9%         N/A       75%         3
 Gell's Gravitas          Tloc           9%         N/A       75%         3
 Lesser Beckoning         Tloc           9%         N/A       75%         3
 Mephitic Cloud           Conj/Pois/Air  9%         N/A       75%         3
 Portal Projectile        Hex/Tloc       18%        N/A       75%         3
 Teleport Other           Tloc           9%         N/A       75%         3
 Fulminant Prism          Conj/Hex       4%         3d6       98%         4
 Leda's Liquefaction      Hex/Erth       4%         N/A       98%         4
 Olgreb's Toxic Radiance  Pois           9%         N/A       98%         4


Dungeon Overview and Level Annotations

Branches:
Dungeon (11/15)            Temple (1/1) D:5            Lair (2/5) D:11
    Orc (0/2) D:10        Ossuary (visited)
  Swamp: Lair:2-3    Shoals: Lair:2-3     Snake: Lair:2-3    Spider: Lair:2-3

Altars:
Ashenzari
Cheibriados
Dithmenos
Fedhas
Gozag
Hepliaklqana
Kikubaaqudgha
Makhleb
Nemelex Xobeh
Okawaru
Qazlal
Ru
Sif Muna
Trog
Uskayaw
Vehumet
Wu Jian
Xom
Yredelemnul

Shops:
D:6 (!*:   D:11 (=*[=

Annotations:
Lair:2 Harold


Innate Abilities, Weirdness & Mutations

You may rarely emit foul miasma when damaged in melee.
When hurt, damage is shared between your health and your magic reserves.
You regenerate magic rapidly.
You have an absolutely massive brain. (Int +6, Wiz)
You have a small tail.
You have a somewhat thin skeletal structure. (Dex +2, Stealth+)


Message History

The wolf is lightly wounded.
You block the wolf's attack. x2; The wolf closely misses you.
You closely miss the wolf.
The wolf is lightly wounded.
The wolf closely misses you. The wolf completely misses you.
You block the wolf's attack. x2; Harold throws a throwing net.
The throwing net barely misses you. The wolf bites you but does no damage.
You slash the wolf!
Your tail-slap misses the wolf.
The wolf is heavily wounded.
You block the wolf's attack. The wolf bites you but does no damage.
You block the wolf's attack. You block Harold's attack.
The wolf barely misses you. The wolf closely misses you.
The wolf stops to sniff the ground.
You slash the wolf! You tail-slap the wolf.
The wolf is almost dead.
You block the wolf's attack. The wolf bites you but does no damage.
You block Harold's attack. The wolf bites you but does no damage.
You block the wolf's attack.
Harold throws a throwing net.
The throwing net hits you.
You become entangled in the net!
The wolf bites you but does no damage.
You tear a large gash into the net.
You are starting to lose your buoyancy.
The bullfrog snags a nearby spider with its tongue.
The wolf bites you but does no damage. The wolf bites you.
* * * LOW HITPOINT WARNING * * *
The wolf bites you but does no damage.
Harold hits you from afar with a +0 vorpal glaive!
* * * LOW HITPOINT WARNING * * *
x2 The wolf bites you but does no damage. x2
You struggle against the net.
The wolf bites you.
* * * LOW HITPOINT WARNING * * *
The wolf barely misses you.
Harold hits you from afar with a +0 vorpal glaive!
* * * LOW HITPOINT WARNING * * *
The wolf bites you.
* * * LOW HITPOINT WARNING * * *
The wolf bites you but does no damage.
The wolf pauses to sniff the ground.
Harold hits you from afar with a +0 vorpal glaive!
You die...

≈≈~~~[........(...
#≈~~>.....$.....
##~~..........P.
#≈~............
#≈~.......P....
#≈~..#.hh#....
##≈~~h#hFh# ...
#≈~~.hhhhh# ..
~~~~...###@#
~~~~.#.##..#
##.#....@........P
# ...............
.....#P..#..##.
.............#
.....#..#.#.#
......>..## # ..P.
..##


You could see Harold, 10 wolves and a bullfrog.

Vanquished Creatures
  Gastronok (Lair:1)
  A two-headed ogre (D:9)
  A manticore (D:10)
  A black mamba (Lair:1)
  2 cane toads (Lair:1)
  2 kobold demonologists
  2 komodo dragons (Lair:2)
  4 trolls
  2 shadows (D:11)
  Sigmund (D:4)
  2 wraiths (D:11)
  21 yaks
  2 wyverns
  Eustachio (D:4)
  2 steam dragons (D:9)
  A basilisk (Lair:1)
  Menkaure (Ossuary)
  2 vampire mosquitoes (D:10)
  An acid dragon (D:10)
  6 water moccasins (Lair:2)
  5 orc warriors
  3 ice beasts
  A sky beast (D:7)
  4 black bears
  5 centaurs
  A phantom (D:6)
  11 wolves
  10 bullfrogs
  12 kobold brigands (D:8)
  4 scorpions
  6 gnoll sergeants
  2 necrophages
  10 wights
  9 killer bees
  3 electric eels (D:11)
  4 howler monkeys
  A gnoll bouda (D:8)
  2 jellies
  9 orc priests
  12 hounds
  3 iguanas
  8 orc wizards
  3 mummies (Ossuary)
  Robin (D:4)
  15 gnolls
  5 adders
  2 white imps
  3 dart slugs
  30 orcs
  6 ball pythons
  6 bats
  2 endoplasms
  3 giant cockroaches
  13 goblins
  11 hobgoblins
  6 jackals
  17 kobolds
  2 quokkas
  5 frilled lizards
  2 gnoll skeletons (Ossuary)
  3 gnoll zombies (Ossuary)
  7 goblin skeletons (Ossuary)
  2 goblin zombies (Ossuary)
  4 hobgoblin skeletons (Ossuary)
  4 hobgoblin zombies (Ossuary)
  2 kobold skeletons (Ossuary)
  5 kobold zombies (Ossuary)
  5 orc skeletons (Ossuary)
  2 orc zombies (Ossuary)
  7 rats
  5 rat skeletons (Ossuary)
  9 rat zombies (Ossuary)
368 creatures vanquished.

Vanquished Creatures (collateral kills)
  A bullfrog (D:6)
  A hound (D:6)
2 creatures vanquished.

Vanquished Creatures (others)
  A gnoll (D:9)
  11 plants
12 creatures vanquished.

Grand Total: 382 creatures vanquished

Notes
Turn   | Place    | Note
-------+----------+-------------------------------------------
     0 | D:1      | IdlyInterested the Demonspawn Gladiator began the quest for
                  | the Orb.
     0 | D:1      | Reached XP level 1. HP: 16/16 MP: 1/1
   245 | D:1      | Gained mutation: You have a small tail. [demonic ancestry]
   245 | D:1      | Reached XP level 2. HP: 21/23 MP: 2/2
   425 | D:1      | Reached skill level 3 in Long Blades
   653 | D:1      | Found a faded altar of an unknown god.
   654 | D:1      | Noticed a great orb of eyes
   663 | D:1      | Noticed an eye of devastation
   668 | D:1      | Noticed a great orb of eyes
   672 | D:1      | Noticed a shining eye
   703 | D:1      | Reached XP level 3. HP: 29/29 MP: 3/3
   982 | D:2      | Gained mutation: You have a somewhat thin skeletal
                  | structure. (Dex +2, Stealth+) [potion of mutation]
  1820 | D:3      | Reached skill level 1 in Stealth
  1925 | D:3      | Found a broken altar of Ashenzari.
  1925 | D:3      | Found a bloodstained altar of Trog.
  2173 | D:3      | Reached XP level 4. HP: 35/35 MP: 4/4
  2737 | D:4      | Noticed Robin
  2769 | D:4      | Killed Robin
  2770 | D:4      | Gained mutation: You regenerate magic rapidly. [demonic
                  | ancestry]
  2770 | D:4      | Reached XP level 5. HP: 9/41 MP: 5/5
  2838 | D:4      | Found a sand-covered staircase.
  2844 | Ossuary  | Entered an ossuary
  3503 | Ossuary  | Reached skill level 4 in Long Blades
  3508 | Ossuary  | Noticed Menkaure
  3518 | Ossuary  | Killed Menkaure
  3519 | Ossuary  | Gained mutation: You may rarely emit foul miasma when
                  | damaged in melee. [demonic ancestry]
  3519 | Ossuary  | Reached XP level 6. HP: 22/47 MP: 6/6
  3713 | D:4      | Noticed Sigmund
  3735 | D:4      | Killed Sigmund
  3957 | D:4      | Reached skill level 5 in Long Blades
  3957 | D:4      | Gained mutation: You have an unusually large brain. (Int
                  | +2) [demonic ancestry]
  3957 | D:4      | Reached XP level 7. HP: 24/54 MP: 7/7
  4212 | D:4      | Noticed Eustachio
  4236 | D:4      | Killed Eustachio
  4237 | D:4      | Reached skill level 5 in Fighting
  4646 | D:5      | Entered Level 5 of the Dungeon
  5003 | D:5      | Reached XP level 8. HP: 64/64 MP: 8/8
  5112 | D:5      | Reached skill level 6 in Long Blades
  5112 | D:5      | Reached skill level 1 in Shields
  5682 | D:5      | Found a staircase to the Ecumenical Temple.
  5699 | Temple   | Entered the Ecumenical Temple
  6159 | D:6      | Identified the +9 whip of Dishonesty {vorpal, +Blink rF+
                  | Str-5 Stlth+}
  6298 | D:6      | Found Xaamniko's Book Shoppe.
  6299 | D:6      | Found Celearig's Weapon Shoppe.
  6300 | D:6      | Found Mynonait's Assorted Antiques.
  6301 | D:6      | Found Hyavew's Distillery.
  6348 | D:6      | Reached skill level 7 in Long Blades
  6368 | D:6      | Reached skill level 5 in Shields
  6510 | D:6      | Found a sacrificial altar of Ru.
  6557 | D:6      | Found a radiant altar of Vehumet.
  6599 | D:6      | Gained mutation: When hurt, damage is shared between your
                  | health and your magic reserves. [demonic ancestry]
  6599 | D:6      | Reached XP level 9. HP: 69/69 MP: 9/9
  7048 | D:6      | Bought an iron ring for 120 gold pieces
  7053 | D:6      | Bought a potion of berserk rage for 75 gold pieces
  7058 | D:6      | Bought a potion of curing for 72 gold pieces
  7058 | D:6      | Bought a potion of curing for 72 gold pieces
  7535 | D:7      | Reached skill level 1 in Spellcasting
  7798 | D:7      | Reached skill level 8 in Long Blades
  8583 | D:8      | Reached skill level 5 in Spellcasting
  8870 | D:8      | Gained mutation: You have an extremely huge brain. (Int +4)
                  | [demonic ancestry]
  8870 | D:8      | Reached XP level 10. HP: 38/76 MP: 14/18
  9174 | D:8      | You fall into a shaft and drop 3 floors!
  9174 | D:11     | Found Votzicloara's General Store.
  9224 | D:11     | Reached skill level 1 in Evocations
  9292 | D:11     | Found Anlofobo's Jewellery Shop.
  9302 | D:11     | Noticed an orange demon
  9388 | D:11     | Found Dyeco's Antique Weapon Shop.
  9412 | D:11     | Got A Beginning Course on Incantation
  9470 | D:10     | Entered Level 10 of the Dungeon
  9511 | D:10     | Noticed a manticore
  9520 | D:10     | Killed a manticore
  9521 | D:10     | Reached skill level 9 in Long Blades
  9883 | D:8      | Found a shadowy altar of Dithmenos.
 10093 | D:6      | Bought a potion of heal wounds for 75 gold pieces
 10093 | D:6      | Bought a potion of brilliance for 60 gold pieces
 10858 | D:8      | Found a snail-covered altar of Cheibriados.
 10864 | D:8      | Found a stormy altar of Qazlal.
 11051 | D:9      | Noticed a two-headed ogre
 11063 | D:9      | Killed a two-headed ogre
 11064 | D:9      | Gained mutation: You have an absolutely massive brain. (Int
                  | +6, Wiz) [demonic ancestry]
 11064 | D:9      | Reached XP level 11. HP: 65/86 MP: 18/20
 11070 | D:9      | Reached skill level 10 in Long Blades
 11665 | D:9      | Found an iron altar of Okawaru.
 13023 | D:10     | Found a staircase to the Orcish Mines.
 13800 | D:11     | Found a staircase to the Lair.
 13901 | D:11     | Found Vuapeogukh's Jewellery Emporium.
 13907 | D:11     | Found Qybiwiaxol's Armour Shop.
 14356 | D:11     | Bought a potion of heal wounds for 60 gold pieces
 14416 | D:8      | Became a worshipper of Dithmenos the Shadowed
 14461 | Lair:1   | Entered Level 1 of the Lair of Beasts
 14489 | Lair:1   | Reached skill level 11 in Long Blades
 14697 | Lair:1   | Noticed Gastronok
 14729 | Lair:1   | Killed Gastronok
 15003 | Lair:1   | Reached skill level 1 in Invocations
 15363 | Lair:1   | Reached XP level 12. HP: 18/95 MP: 23/25
 16395 | Lair:2   | Noticed Harold
 16427 | Lair:2   | HP: 4/95 [wolf (2)]
 16427 | Lair:2   | Mangled by Harold

Illustrated notes

Levels and vault maps discovered:
D:1:      eino_arrival_water_cross, layout_loops_ring,
          hellmonk_ecumenical_altar_watching_god
D:2:      layout_loops_ring
D:3:      layout_basic, jmf_multi_god_temple, lemuel_coloured_pillars_altar
D:4:      layout_cave_pools, nicolae_ossuary_entry_plus,
          minmay_misc_feat_secret_circle, uniq_eustachio, uniq_robin,
          uniq_sigmund
D:5:      layout_loops_ring, minmay_temple_entry_arrows, nrook_pool_corridor,
          sword_in_stone
D:6:      layout_basic, nicolae_ru_great_annihilating_truth,
          mainiacjoe_overflow_boulevard, nicolae_overflow_crystal_walls,
          minmay_shop_grid_forest
D:7:      layout_basic, minmay_quadrilaterals
D:8:      layout_gridville, gammafunk_temple_overflow_forgotten,
          grunt_dithmenos_smoke, special_room [special_room_kobold]
D:9:      layout_basic, lemuel_doored_altar
D:10:     layout_roguey, minmay_orc_entry_temple_small, kennysheep_nondescript
D:11:     layout_loops_ring, erik_lair_island, serial_shops,
          nicolae_shop_temple_entry_statues_fountains, shop,
          nicolae_square_shop, kennysheep_little_box, shop_fountains
Temple:   hellmonk_temple_of_storms
Lair:1:   layout_cave_pods, uniq_gastronok
Lair:2:   layout_loops_ring, minmay_shoals_entry_hut,
          minmay_snake_entry_six_corridors, gammafunk_ghost_hive, st_stairs_9,
          serial_bayou_pond_d, grunt_forest_large_clearings,
          lemuel_fruit_fields, uniq_harold

Skill      XL: |  1  2  3  4  5  6  7  8  9 10 11 12 |
---------------+-------------------------------------+-----
Long Blades    | 3 4 5 7 8 9 11 | 11.6
Fighting       | 3 4 6 8 9 |  9.0
Dodging        | 3 |  3.0
Stealth        | 1 2 3 |  3.0
Throwing       | 3 |  3.0
Shields        | 5 6 7 |  7.0
Spellcasting   | 5 6 9 |  9.0
Evocations     | 3 |  3.0
Invocations    | 2 3 |  3.0

Action                   |  1- 3 |  4- 6 |  7- 9 | 10-12 || total
-------------------------+-------+-------+-------+-------++-------
Melee: Long sword        |   113 |   205 |   200 |       ||   518
       Punch             |     1 |     4 |       |       ||     5
       Tailslap          |    12 |    31 |    55 |   143 ||   241
       Falchion          |       |       |   176 |   711 ||   887
Throw: Javelin           |       |     1 |     4 |     4 ||     9
       Throwing net      |       |     4 |       |     1 ||     5
       Dart              |       |       |     6 |     6 ||    12
  Use: Scroll            |     6 |     2 |    12 |     3 ||    23
       Potion            |     2 |     2 |     2 |     5 ||    11
 Stab: Sleeping          |     9 |     3 |     9 |     4 ||    25
       Held in net/web   |       |     2 |       |       ||     2
       Distracted        |       |     1 |     3 |     3 ||     7
       Paralysed         |       |       |     1 |       ||     1
Armor: Leather armour    |    21 |       |    92 |   121 ||   234
       Ring mail         |    25 |   103 |    12 |       ||   140
       Ice dragon scales |       |       |       |   218 ||   218
Dodge: Dodged            |    71 |   154 |   159 |   330 ||   714
Block: Kite shield       |       |       |   198 |   620 ||   818

Table legend: (Time is in decaauts)
 A = Elapsed time spent in this place.
 B = Non-inter-level travel time spent in this place.
 C = Inter-level travel time spent in this place.
 D = Time resting spent in this place.
 E = Time spent auto-exploring this place.
 F = Levels seen in this place.
 G = Mean time per level.
                   A        B        C        D        E       F      G
               +--------+--------+--------+--------+--------+-----+--------+
         Total |  16700 |  15094 |   1606 |   3259 |   7784 |  15 | 1113.3 |
       Dungeon |  13718 |  12224 |   1494 |   2246 |   6725 |  11 | 1247.1 |
        Temple |     40 |     40 |      0 |      0 |     24 |   1 |   40.0 |
          Lair |   2077 |   1966 |    111 |    550 |   1035 |   2 | 1038.5 |
       Ossuary |    863 |    863 |      0 |    462 |      0 |   1 |  863.0 |
               +--------+--------+--------+--------+--------+-----+--------+

Top non-repeatable levels by time:
  Lair:1: 1861 daAuts
     D:8: 1778 daAuts
     D:9: 1454 daAuts
    D:10: 1392 daAuts
     D:7: 1378 daAuts
     D:5: 1251 daAuts
    D:11: 1244 daAuts
     D:4: 1145 daAuts
     D:6: 1125 daAuts
     D:3: 1107 daAuts
     D:1: 960 daAuts
     D:2: 879 daAuts
 Ossuary: 863 daAuts
  Lair:2: 215 daAuts
  Temple: 40 daAuts
